 Dungeon Crawl Stone Soup version 0.28-a0-1130-gc51a68064b (webtiles) character file.

Game seed: 4043950139279078685

271 ytrimaz the Skirmisher (level 6, -4/66 HPs)
             Began as an Ogre Berserker on Dec 12, 2021.
             Was a Follower of Trog.
             Slain by an orc priest (5 damage)
             ... on level 3 of the Dungeon.
             The game lasted 00:02:15 (2538 turns).

ytrimaz the Skirmisher (Ogre Berserker)             Turns: 2538, Time: 00:02:16

Health: -4/66      AC:  3    Str: 24    XL:     6   Next: 23%
Magic:  6/6        EV: 10    Int:  8    God:    Trog [*.....]
Gold:   146        SH:  0    Dex:  8    Spells: 5/5 levels left

rFire   . . .      SeeInvis .   e - +0 giant spiked club
rCold   . . .      Faith    .   (shield currently unavailable)
rNeg    . . .      Spirit   .   b - +0 animal skin
rPois   .          Reflect  .   (helmet restricted)
rElec   .          Harm     .   (no cloak)
rCorr   .          Rampage  .   (gloves unavailable)
Will    .....                   (boots unavailable)
Stlth   +.........              (no amulet)
HPRegen 0.21/turn               (no ring)
MPRegen 0.10/turn               (no ring)

@: on berserk cooldown, slowed, very slow
A: large, unfitting armour, tough skin 1
a: Renounce Religion, Berserk


You were on level 3 of the Dungeon.
You worshipped Trog.
Trog was aware of your devotion.
You visited 1 branch of the dungeon, and saw 3 of its levels.

You collected 146 gold pieces.

Inventory:

Hand Weapons
 e - a +0 giant spiked club (weapon)
Armour
 b - a +0 animal skin (worn)
Scrolls
 a - a scroll of identify
Potions
 d - 3 potions of curing
 f - 2 potions of heal wounds {unknown}


   Skills:
 + Level 5.6 Fighting
 + Level 4.6 Maces & Flails
 + Level 4.0 Dodging


You had 5 spell levels left.
You didn't know any spells.
Your spell library was empty.

Dungeon Overview and Level Annotations

Branches:
Dungeon (3/15)

Altars:


Innate Abilities, Weirdness & Mutations

You are too large for most types of armour.
You have tough skin. (AC +1)


Message History

You are exhausted.
You feel yourself slow down.
You closely miss the orc. The orc barely misses you.
The orc hits you with a +0 hand axe.
Unknown command.
You barely miss the orc. The orc hits you with a +0 hand axe.
The orc closely misses you. The orc hits you with a +0 hand axe.
You barely miss the orc. The orc barely misses you. The orc closely misses you.
You puncture the orc!
You kill the orc!
Trog accepts your kill. The orc hits you with a +0 war axe.
You barely miss the orc. The orc misses you.
The orc priest completely misses you. The orc priest closely misses you.
The orc hits you but does no damage.
The orc priest looks satisfied for a moment.
The orc hits you with a +0 war axe.
Unknown command.
You barely miss the orc. The orc closely misses you.
The orc priest hits you from afar with a +0 trident.
The orc priest looks encouraged for a moment.
The orc misses you.
You closely miss the orc. The orc hits you with a +0 war axe!
The orc priest barely misses you.
The orc priest hits you from afar with a +0 trident!
The orc barely misses you.
You barely miss the orc. The orc hits you with a +0 war axe!
The orc priest hits you from afar with a +0 trident!
* * * LOW HITPOINT WARNING * * *
The orc priest hits you from afar with a +0 trident!
* * * LOW HITPOINT WARNING * * *
The orc hits you but does no damage. The orc closely misses you.
The orc priest hits you from afar with a +0 trident.
* * * LOW HITPOINT WARNING * * *
You closely miss the orc. The orc hits you with a +0 war axe.
* * * LOW HITPOINT WARNING * * *
The orc priest looks encouraged for a moment.
A hobgoblin comes into view.
The orc priest hits you from afar with a +0 trident.
You die...

#.##.# .....
.. ... .g.o..
S. ......
.###..o... .
.........
#.......# #
#o# # #o# ##
#@# ##. #.#
###.. #.#
.....
#.######
#####
#......# #
######.# #
#.###########
#.#.........#
#.#.#######.#


You could see an orc priest, an orc and a hobgoblin (wandering).

Vanquished Creatures
  2 ogres (D:2)
  An orc priest (D:3)
  2 adders (D:2)
  2 dart slugs
  An orc (D:3)
  7 ball pythons
  An endoplasm (D:2)
  A giant cockroach (D:1)
  A goblin (D:1)
  7 hobgoblins
  4 jackals (D:1)
  4 quokkas
  5 bats
  2 frilled lizards
  5 kobolds
  3 rats
48 creatures vanquished.

Vanquished Creatures (others)
  5 toadstools (D:1)
5 creatures vanquished.

Grand Total: 53 creatures vanquished

Notes
Turn   | Place    | Note
-------+----------+-------------------------------------------
     0 | D:1      | ytrimaz the Ogre Berserker began the quest for the Orb.
     0 | D:1      | Reached XP level 1. HP: 24/24 MP: 1/1
   233 | D:1      | Reached XP level 2. HP: 21/32 MP: 2/2
  1099 | D:2      | Reached XP level 3. HP: 40/40 MP: 3/3
  1166 | D:2      | Found a faded altar of an unknown god.
  1166 | D:2      | Noticed an ogre
  1181 | D:2      | Killed an ogre
  1182 | D:2      | Reached skill level 5 in Fighting
  1182 | D:2      | Reached XP level 4. HP: 27/50 MP: 4/4
  1542 | D:2      | Reached XP level 5. HP: 56/57 MP: 5/5
  1945 | D:2      | Noticed an ogre
  1955 | D:2      | Killed an ogre
  1956 | D:2      | Reached XP level 6. HP: 66/66 MP: 6/6
  2537 | D:3      | HP: 3/66 [orc priest (2)]
  2538 | D:3      | HP: 1/66 [orc (3)]
  2538 | D:3      | Slain by an orc priest

Illustrated notes

Levels and vault maps discovered:
D:1:      elethiomel_arrival_maze, layout_loops_ring, minmay_gold_behind_fungi
D:2:      layout_basic, shapermc_ecumenical_altar_pompeii,
          grunt_decor_resistance
D:3:      layout_loops_ring, serial_shops, shop

Skill      XL: |  1  2  3  4  5  6 |
---------------+-------------------+-----
Maces & Flails | 3 4 |  4.6
Dodging        | 3 4 |  4.0
Fighting       | 5 |  5.6

Action                   |  1- 3 |  4- 6 || total
-------------------------+-------+-------++-------
Melee: Mace              |    73 |    42 ||   115
       Giant spiked club |       |    42 ||    42
Invok: Berserk           |     3 |     5 ||     8
  Use: Scroll            |     2 |     1 ||     3
Armor: Animal skin       |    26 |    36 ||    62
Dodge: Dodged            |    44 |    70 ||   114

Table legend: (Time is in decaauts)
 A = Elapsed time spent in this place.
 B = Non-inter-level travel time spent in this place.
 C = Inter-level travel time spent in this place.
 D = Time resting spent in this place.
 E = Time spent auto-exploring this place.
 F = Levels seen in this place.
 G = Mean time per level.
                   A        B        C        D        E       F      G
               +--------+--------+--------+--------+--------+-----+--------+
         Total |   2652 |   2624 |     28 |    122 |   2050 |   3 |  884.0 |
       Dungeon |   2652 |   2624 |     28 |    122 |   2050 |   3 |  884.0 |
               +--------+--------+--------+--------+--------+-----+--------+

Top non-repeatable levels by time:
     D:2: 1297 daAuts
     D:1: 1116 daAuts
     D:3: 237 daAuts
